 Dungeon Crawl Stone Soup version 0.29-a0-490-g77b3608bb8 (webtiles) character file.

Game seed: 2186189902509513190

84 spiderkeys the Skirmisher (level 4, -4/43 HPs)
             Began as a Naga Abyssal Knight on May 26, 2022.
             Was a Priest of Lugonu.
             Slain by an orc
             ... wielding a +0 hand axe
              (6 damage)
             ... on level 3 of the Dungeon.
             The game lasted 00:03:35 (2485 turns).

spiderkeys the Skirmisher (Naga Abyssal Knight)     Turns: 2485, Time: 00:03:36

Health: -4/43      AC:  5    Str: 16    XL:     4   Next: 45%
Magic:  6/6        EV:  9    Int: 12    God:    Lugonu [***...]
Gold:   143        SH:  0    Dex: 11    Spells: 6/6 levels left

rFire   . . .      SeeInvis +   a - +1 spear
rCold   . . .      Faith    .   (no shield)
rNeg    . . .      Spirit   .   b - +1 leather armour
rPois   +          Reflect  .   (no helmet)
rElec   .          Harm     .   f - +0 cloak
rCorr   .          Rampage  .   (no gloves)
Will    .....                   (no barding)
Stlth   +.........              (no amulet)
HPRegen 0.14/turn               (no ring)
MPRegen 0.10/turn               (no ring)

@: very slow
A: AC +1, large, see invisible, deformed body, poison resistance, slowness 2,
spit poison 1, naga tail 1
a: Spit Poison, Renounce Religion, Depart the Abyss, Bend Space, Banish


You were on level 3 of the Dungeon.
You worshipped Lugonu.
Lugonu was most pleased with you.
You visited 1 branch of the dungeon, and saw 3 of its levels.
You visited the Abyss 1 time.

You collected 143 gold pieces.


Innate Abilities, Weirdness & Mutations

Your serpentine skin is tough. (AC +1)
You have supernaturally acute eyesight. (SInv)
Armour fits poorly on your strangely shaped body.
Your system is resistant to poisons. (rPois)
You cover ground very slowly.
You can spit poison.
You have a snake-like lower body.


   Skills:
 + Level 3.6 Fighting
 + Level 2.8 Polearms
 - Level 1.5 Armour
 - Level 0.7 Dodging
 + Level 1.5 Spellcasting
 + Level 2.9 Invocations


You had 6 spell levels left.
You didn't know any spells.
Your spell library contained the following spells:

 Spells                   Type           Power      Damage    Failure   Level
 Necrotize                Necr           0%         1d4       34%         1
 Vampiric Draining        Necr           0%         2d6       71%         3
 Agony                    Necr           0%         N/A       100%        5

Inventory:

Hand Weapons
 a - a +1 spear (weapon)
Missiles
 j - 33 stones
 k - 4 poisoned darts
Armour
 b - a +1 leather armour (worn)
 e - a +0 robe
   (You found it on level 1 of the Dungeon)
 f - a +0 cloak (worn)
   (You found it on level 2 of the Dungeon)
 h - a +0 leather armour
   (You found it on level 2 of the Dungeon)
 i - a +0 leather armour
   (You found it on level 1 of the Dungeon)
 l - a +0 leather armour
   (You took it off an orc on level 3 of the Dungeon)
 m - a +0 leather armour
   (You took it off an orc on level 3 of the Dungeon)
Scrolls
 c - a scroll of fog
 d - a scroll of vulnerability {unknown}
 g - a scroll of summoning
 n - a scroll of identify {unknown}

Dungeon Overview and Level Annotations

Branches:
Dungeon (3/15)

Altars:
Sif Muna

Shops:
D:2

(
#..........#####.##..#
######..##.'†..#)#...#
#.....##......#.#+
#.##..###.##.##†.##
#.##..#.#..###....####
#.##..#.'#...####....+
..##..#.#..###....####
####..###.##.##..##
#..##.o@o..#.#+
##.'...#'#...#
#.#####)##..#
#..#...##.#
##......#.# ########+#


You could see an orc priest and an orc.


Message History

a +0 whip; a hobgoblin corpse; an orc corpse Key pressed, stopping explore.
An orc is nearby!
An orc is nearby!
An orc is nearby! 😕 HP[+8]
You regained 8 hp, and now have 38/43 hp.
An orc is nearby!
Aiming: Spit Poison (1% risk of failure)
Press: ? - help, Shift-Dir - straight line, f - orc
Aim: an orc, wielding a +0 short sword and wearing a +0 leather armour (wandering, hasn't noticed you, 59% to hit)
The splash of poison hits the orc!
The orc is poisoned.
You kill the orc!
Lugonu accepts your kill.
No target in view!
No target in view!
No target in view!
You have got your breath back.
Things that are here:
a +0 whip; a hobgoblin corpse; an orc corpse
There is an open door here.
m - a +0 leather armour;
n - a scroll labelled IXIMOA ABLE You now have 143 gold pieces (gained 15).
Things that are here:
a +0 short sword; an orc corpse 😎 HP[+5]
Your hp is fully restored (43).
There is an open door here.
Things that are here:
a +0 whip; a hobgoblin corpse; an orc corpse
Things that are here:
a +0 whip; a hobgoblin corpse; an orc corpse The orc priest invokes the aid of Beogh against you.
You struggle to resist.
There is an open door here.
An orc priest is nearby!
Things that are here:
a +0 short sword; an orc corpse You aren't in the Abyss!
Aiming: Spit Poison (1% risk of failure)
Press: ? - help, Q - select action, (/) - cycle Shift-Dir - straight line, f - orc priest
Aim: an orc priest, wielding a +0 mace and wearing a +0 scale mail (65% to hit)
Okay, then.
Aiming: Spit Poison (1% risk of failure)
Press: ? - help, Shift-Dir - straight line, f - orc priest
Aim: an orc priest, wielding a +0 mace and wearing a +0 scale mail (65% to hit)
The splash of poison hits the orc priest but does no damage.
The orc priest hits you with a +0 mace. 😕 HP[-5]
You take 5 damage, and now have 38/43 hp.
You hit the orc priest but do no damage.
The orc priest hits you but does no damage.
The orc shouts!
You hit the orc priest but do no damage.
The orc priest looks satisfied for a moment.
You hit the orc priest. The orc priest barely misses you.
You hit the orc priest but do no damage.
The orc barely misses you. The orc priest barely misses you.
You barely miss the orc priest.
You have got your breath back.
The orc barely misses you.
The orc priest mumbles some strange prayers to Beogh against you.
Beogh smites you! 😮 HP[-16]
You take 16 damage, and now have 22/43 hp.
MASSIVE DAMAGE!! (PAUSE)
Aiming: Spit Poison (1% risk of failure)
Press: ? - help, Shift-Dir - straight line, f/p - orc priest
Aim: an orc priest, wielding a +0 mace and wearing a +0 scale mail (65% to hit)
The splash of poison hits the orc priest.
The orc priest is poisoned.
The orc closely misses you. The orc priest barely misses you.
You closely miss the orc priest. The orc hits you with a +0 hand axe.
* * * LOW HITPOINT WARNING * * *
The orc priest calls down the wrath of Beogh upon you.
Beogh smites you!
* * * LOW HITPOINT WARNING * * *
😱 HP[-15]
You take 15 damage, and now have 7/43 hp.
MASSIVE DAMAGE!! (PAUSE)
You barely miss the orc priest. The orc hits you but does no damage.
The orc priest barely misses you.
You hit the orc priest but do no damage.
The orc hits you with a +0 hand axe.
* * * LOW HITPOINT WARNING * * *
The orc priest barely misses you. 😱 HP[-1]
You take 1 damage, and now have 6/43 hp.
You aren't carrying any potions.
Okay, then.
You hit the orc priest but do no damage.
The orc hits you with a +0 hand axe.
* * * LOW HITPOINT WARNING * * *
The orc priest closely misses you. 😱 HP[-4]
You take 4 damage, and now have 2/43 hp.
You hit the orc priest but do no damage.
You have got your breath back.
The orc priest looks more healthy.
The orc hits you with a +0 hand axe.
You die...

Skill      XL: |  1  2  3 |
---------------+----------+-----
Spellcasting   | 1 |  1.5
Fighting       | |  3.6
Polearms       | |  2.8
Armour         | |  1.5
Dodging        | |  0.7
Invocations    | |  2.9

Action                   |  1- 3 |  4- 6 || total
-------------------------+-------+-------++-------
Melee: Spear             |   122 |    94 ||   216
       Punch             |     1 |     2 ||     3
Invok: Bend Space        |     1 |       ||     1
 Abil: Spit Poison       |    16 |     4 ||    20
  Use: Scroll            |     5 |     1 ||     6
 Stab: Sleeping          |     2 |       ||     2
Armor: Leather armour    |    37 |    49 ||    86
Dodge: Dodged            |    51 |    48 ||    99

Levels and vault maps discovered:
D:1:      nzn_arrival_depleted_hourglass, layout_rooms,
          ebering_ecumenical_altar_ruins
D:2:      cheibrodos_helix_gallery, layout_basic, serial_shops, shop,
          basic_altar, nrook_loot_triangle
D:3:      layout_loops_ring, mainiacjoe_overflow_small_starburst, tgw_trog,
          minmay_pentangle

Notes
Turn   | Place    | Note
-------+----------+-------------------------------------------
     0 | Abyss:1  | spiderkeys the Naga Abyssal Knight began the quest for the
                  | Orb.
     0 | Abyss:1  | Reached XP level 1. HP: 21/21 MP: 2/2
     0 | Abyss:1  | magus.rc [v1.11.3]
    10 | D:1      | You pass through the gate.
    10 | D:1      | Escaped the Abyss
    68 | D:1      | Found a faded altar of an unknown god.
   280 | D:1      | Reached XP level 2. HP: 25/28 MP: 3/3
   872 | D:2      | Reached XP level 3. HP: 29/34 MP: 4/4
   874 | D:2      | Reached skill level 1 in Spellcasting
   887 | D:2      | HP: 7/34 [giant cockroach (1)]
  1239 | D:2      | Reached *** piety under Lugonu
  1544 | D:2      | Found Fant's Weapon Shoppe.
  1576 | D:2      | Found a shimmering blue altar of Sif Muna.
  1669 | D:2      | Reached XP level 4. HP: 35/42 MP: 6/6
  1804 | D:2      | You pick up a book of Necromancy and begin reading...
  1804 | D:2      | You add the spells Necrotize, Vampiric Draining and Agony
                  | to your library.
  2481 | D:3      | HP: 7/43 [orc priest/divine providence (14)]
  2484 | D:3      | HP: 2/43 [orc/+0 hand axe (4)]
  2485 | D:3      | Slain by an orc

Vanquished Creatures
  An adder (D:2)
  2 worms (D:2)
  3 orcs (D:3)
  5 ball pythons
  5 bats
  7 endoplasms
  A giant cockroach (D:2)
  3 goblins
  4 hobgoblins
  9 jackals
  3 quokkas (D:2)
  5 frilled lizards
  6 kobolds
  5 rats
59 creatures vanquished.

Table legend:
 A = Non-vault XP
 B = Vault XP
 C = Vault XP percentage of total XP
 D = Non-vault monster count
 E = Vault monster count
 F = Vault count percentage of total count
                 A         B        C        D         E       F
            +---------+---------+-------+---------+---------+-------
      Total |     101 |      19 |  15.8 |      49 |      10 |  16.9
            +---------+---------+-------+---------+---------+-------
        D:1 |      22 |       0 |   0.0 |      14 |       0 |   0.0
        D:2 |      74 |       3 |   3.9 |      32 |       2 |   5.9
        D:3 |       5 |      16 |  76.2 |       3 |       8 |  72.7
            +---------+---------+-------+---------+---------+-------

Illustrated notes

Table legend:
 A = Kills in this place as a percentage of kills in entire the game.
 B = Kills by you in this place as a percentage of kills by you in the entire game.
 C = Kills by friends in this place as a percentage of kills by friends in the entire game.
 D = Other kills in this place as a percentage of other kills in the entire game.
 E = Experience gained in this place as a percentage of experience gained in the entire game.
 F = Experience gained in this place divided by the number of levels of this place that you have seen.
                   A       B       C       D       E      F
               +-------+-------+-------+-------+-------+----------------------
         Total | 100.0 | 100.0 |   N/A |   N/A | 100.0 |  30.0
       Dungeon | 100.0 | 100.0 |   N/A |   N/A | 100.0 |  40.0
               +-------+-------+-------+-------+-------+----------------------

Table legend: (Time is in decaauts)
 A = Elapsed time spent in this place.
 B = Non-inter-level travel time spent in this place.
 C = Inter-level travel time spent in this place.
 D = Time resting spent in this place.
 E = Time spent auto-exploring this place.
 F = Levels seen in this place.
 G = Mean time per level.
                   A        B        C        D        E       F      G
               +--------+--------+--------+--------+--------+-----+--------+
         Total |   2908 |   2815 |     93 |    334 |   2007 |   4 |  727.0 |
       Dungeon |   2894 |   2801 |     93 |    334 |   2007 |   3 |  964.7 |
         Abyss |     13 |     13 |      0 |      0 |      0 |   1 |   13.0 |
               +--------+--------+--------+--------+--------+-----+--------+

Top non-repeatable levels by time:
     D:2: 1692 daAuts
     D:1: 839 daAuts
     D:3: 363 daAuts
 Abyss:1: 13 daAuts
